 Dungeon Crawl Stone Soup version 0.29-a0-284-gf9362112df (webtiles) character file.

Game seed: 13254999246516497253

2 being54 the Sneak (level 1, 0/9 HPs)
             Began as a Spriggan Enchanter on Mar 21, 2022.
             Slain by a bat (1 damage)
             ... on level 1 of the Dungeon.
             The game lasted 00:00:10 (16 turns).

being54 the Sneak (Spriggan Enchanter)                Turns: 16, Time: 00:00:11

Health: 0/9        AC:  2    Str:  4    XL:     1   Next: 25%
Magic:  5/5        EV: 17    Int: 16    God:
Gold:   0          SH:  0    Dex: 15    Spells: 5/5 levels left

rFire   . . .      SeeInvis +   a - +1 dagger
rCold   . . .      Faith    .   (no shield)
rNeg    . . .      Spirit   .   b - +0 robe
rPois   .          Reflect  .   (helmet restricted)
rElec   .          Harm     .   (no cloak)
rCorr   .          Rampage  .   (gloves unavailable)
Will    .....                   (boots unavailable)
Stlth   +++.......              (no amulet)
HPRegen 0.03/turn               (no ring)
MPRegen 0.09/turn               (no ring)

@: very quick
A: very small, no large weapons, unfitting armour, see invisible, speed 3
a: no special abilities


You were on level 1 of the Dungeon.
You visited 1 branch of the dungeon, and saw 1 of its levels.

Inventory:

Hand Weapons
 a - a +1 dagger (weapon)
Armour
 b - a +0 robe (worn)
Potions
 c - 2 potions of invisibility


   Skills:
 + Level 1.1 Short Blades
 + Level 2.7 Dodging
 + Level 4.4 Stealth
 + Level 2.7 Spellcasting
 + Level 3.6 Hexes


You had 5 spell levels left.
You didn't know any spells.
Your spell library contained the following spells:

 Spells                   Type           Power      Damage    Failure   Level
 Confusing Touch          Hex            13%        N/A       13%         3
 Tukima's Dance           Hex            13%        N/A       13%         3
 Ensorcelled Hibernation  Hex/Ice        16%        N/A       14%         2
 Dazzling Flash           Conj/Hex       16%        N/A       26%         3


Dungeon Overview and Level Annotations

Branches:
Dungeon (1/15)

Altars:


Innate Abilities, Weirdness & Mutations

You are very small and have problems with some larger weapons.
You are too small for most types of armour.
You have supernaturally acute eyesight. (SInv)
You cover ground extremely quickly. (Speed+++)


Message History

A quokka comes into view.
Found 9 gold pieces.
A rat comes into view.
You see here a dark potion.
A bat comes into view.
The quokka misses you.
You hit the quokka.
The quokka is severely wounded.
The quokka closely misses you.
You closely miss the quokka.
The quokka is severely wounded.
The quokka bites you.
You completely miss the quokka.
The quokka is severely wounded.
The quokka bites you. The rat bites you. The quokka completely misses you.
You are too injured to fight recklessly!
You are too injured to fight recklessly!
You hit the quokka.
The quokka is almost dead.
The rat bites you.
* * * LOW HITPOINT WARNING * * *
The quokka barely misses you.
You hit the quokka but do no damage.
The quokka is almost dead.
The rat bites you but does no damage. The quokka closely misses you.
You hit the quokka.
You kill the quokka!
The rat misses you.
You hit the rat but do no damage. The rat bites you but does no damage.
You hit the rat.
The rat is severely wounded.
The rat misses you.
You closely miss the rat.
The rat is severely wounded.
The rat misses you.
You hit the rat.
You kill the rat!
The bat closely misses you.
You closely miss the bat. The bat hits you.
You die...

#..#......≈......
#.............$(
#...≈..<≈...≈.?
##.≈≈≈.≈≈≈.≈≈≈.
###...≈...≈>..≈..
$......!.........
##........≈......
###.....≈≈≈.....
#...@..≈......
#...b.........
#.#....######
#.......#
#.......#
#.......#
#.......#
........#


You could see a bat.

Vanquished Creatures
  A quokka (D:1)
  A rat (D:1)
2 creatures vanquished.

Notes
Turn   | Place    | Note
-------+----------+-------------------------------------------
     0 | D:1      | being54 the Spriggan Enchanter began the quest for the Orb.
     0 | D:1      | Reached XP level 1. HP: 9/9 MP: 5/5
    16 | D:1      | Slain by a bat

Illustrated notes

Levels and vault maps discovered:
D:1:      minmay_arrival_five_plusses, layout_rooms,
          ebering_ecumenical_altar_petrified

Action                   || total
-------------------------++-------
Melee: Dagger            ||    11
Armor: Robe              ||     2
Dodge: Dodged            ||     9

Table legend: (Time is in decaauts)
 A = Elapsed time spent in this place.
 B = Non-inter-level travel time spent in this place.
 C = Inter-level travel time spent in this place.
 D = Time resting spent in this place.
 E = Time spent auto-exploring this place.
 F = Levels seen in this place.
 G = Mean time per level.
                   A        B        C        D        E       F      G
               +--------+--------+--------+--------+--------+-----+--------+
         Total |     13 |     13 |      0 |      0 |      0 |   1 |   13.0 |
       Dungeon |     13 |     13 |      0 |      0 |      0 |   1 |   13.0 |
               +--------+--------+--------+--------+--------+-----+--------+

Top non-repeatable levels by time:
     D:1: 13 daAuts
